 Dungeon Sprint DCSS version 0.30-a0-860-g512cf1e979 (webtiles) character file.

Game seed: 4744562139224505809

26249 BigDaddyOpFi the Barachian Aeon (level 13, -1/121 HPs)
             Began as a Barachi Fighter on Mar 7, 2023.
             Was the Champion of Cheibriados.
             Slain by a wolf spider (8 damage)
             ... in the Dungeon (Sprint V: "Ziggurat Sprint").
             The game lasted 00:04:00 (1718 turns).

BigDaddyOpFi the Barachian Aeon (Barachi Fighter)   Turns: 1718, Time: 00:04:01

Health: -1/121     AC: 29    Str: 39    XL:     13   Next: 24%
Magic:  17/26      EV:  3    Int: 28    God:    Cheibriados [******]
Gold:   0          SH: 36    Dex: 34    Spells: 12/12 levels left

rFire   x . .      SeeInvis +    C - +11 Singing Sword {sonic wave}
rCold   + . .      Faith    .    r - +18 shield of the Gong {Loud rN+ Will+ rCorr EV-5}
rNeg    + . .      Spirit   .    a - +15 Maxwell's patent armour {-Cast -Tele rElec Will+ rCorr}
rPois   .          Reflect  .    (no helmet)
rElec   +          Rampage  .    (no cloak)
rCorr   +          NoTele   +    N - +0 pair of gloves of the Valley of Death {Regen+ rCorr Dex+3 Stlth+}
Will    ++...      NoCast   +    P - +1 pair of boots of Greed {Int+3 Dex+4} Stlth
                                 b - amulet of regeneration
HPRegen 2.00/turn                z - +6 ring of strength
MPRegen 0.20/turn                E - ring "Vugy" {Ice Fly rElec Str-3 SInv}

@: lethally poisoned (-1 -> -5), corroded, flying, very slow
A: amphibious, slowness 1, strong legs 2, +LOS
a: Hop, Renounce Religion, Bend Time, Temporal Distortion, Slouch, Step From
Time


You were in the Dungeon.
You worshipped Cheibriados.
Cheibriados was exalted by your worship.
You visited 1 branch

Inventory:

Hand Weapons
 C - the +11 Singing Sword (weapon) {sonic wave}
   (You found it in the Dungeon)
Armour
 a - the +15 Maxwell's patent armour (worn) {-Cast -Tele rElec Will+ rCorr}
   (You found it in the Dungeon)

   rElec:     It insulates you from electricity.
   -Cast:     It prevents spellcasting.
   -Tele:     It prevents most forms of teleportation.
   rCorr:     It protects you from acid and corrosion.
   Will:      It increases your willpower.
 r - the +18 shield of the Gong (worn) {Loud rN+ Will+ rCorr EV-5}
   (You found it in the Dungeon)

   Loud:      It is deafeningly noisy when blocking attacks.
   EV:        It affects your evasion (-5).
   rN:        It protects you from negative energy.
   rCorr:     It protects you from acid and corrosion.
   Will:      It increases your willpower.
 N - the +0 pair of gloves of the Valley of Death (worn) {Regen+ rCorr Dex+3 Stlth+}
   (You found it in the Dungeon)

   Dex:       It affects your dexterity (+3).
   Regen:     It increases your rate of health regeneration.
   rCorr:     It protects you from acid and corrosion.
   Stlth:     It makes you more stealthy.
 P - the +1 pair of boots of Greed (worn) {Int+3 Dex+4}
   (You found it in the Dungeon)

   Int:       It affects your intelligence (+3).
   Dex:       It affects your dexterity (+4).
Jewellery
 b - an amulet of regeneration (around neck)
 u - a ring of flight
 v - a +6 ring of dexterity
 w - a +6 ring of dexterity
 x - a +6 ring of intelligence
 y - a +6 ring of intelligence
 z - a +6 ring of strength (left hand)
 A - a +6 ring of strength
 D - a +6 ring of intelligence
 E - the ring "Vugy" (right hand) {Ice Fly rElec Str-3 SInv}
   (You found it in the Dungeon)

   [ring of ice]

   It enhances your ice magic.
   Str:       It affects your strength (-3).
   rF:        It makes you vulnerable to fire.
   rC:        It protects you from cold.
   rElec:     It insulates you from electricity.
   SInv:      It lets you see invisible.
   Fly:       It grants you flight.
 G - the ring "Jedejeas" {Fly rF+ Will+ MP+9 Int+3}
   (You found it in the Dungeon)

   [ring of protection from fire]

   Int:       It affects your intelligence (+3).
   rF:        It protects you from fire.
   MP:        It affects your magic capacity (+9).
   Fly:       It grants you flight.
   Will:      It increases your willpower.
 H - a +5 ring of evasion
 J - a ring of resist corrosion
 K - a ring of ice
 L - a ring of poison resistance
 R - the ring "Noeguj" {rElec Will+ EV+5 Dex+4}
   (You found it in the Dungeon)

   [ring of evasion]

   EV:        It affects your evasion (+5).
   Dex:       It affects your dexterity (+4).
   rElec:     It insulates you from electricity.
   Will:      It increases your willpower.
Wands
 s - a wand of mindburst (7)
 t - a wand of quicksilver (7)
 F - a wand of flame (24)
Scrolls
 j - 4 scrolls of blinking
 k - 4 scrolls of amnesia
 l - 7 scrolls of fog
 m - 5 scrolls of identify
 n - 2 scrolls of fear
 M - 4 scrolls of enchant armour
 Q - 4 scrolls of enchant weapon
Potions
 d - 5 potions of might
 e - 8 potions of curing
 f - 12 potions of heal wounds
 g - 10 potions of haste
 h - 7 potions of magic
 i - 3 potions of berserk rage
 o - 2 potions of brilliance
 p - 2 potions of invisibility
 q - 4 potions of resistance
Miscellaneous
 c - a box of beasts
 B - a lightning rod (4/4)
 I - a phantom mirror
 O - a phantom mirror


   Skills:
 + Level 17.4 Fighting
 + Level 17.1 Long Blades
 + Level 17.4 Armour
 + Level 15.9 Shields
 * Level 18.3 Invocations


You had 12 spell levels left.
You didn't know any spells.
Your spell library contained the following spells:

 Spells                   Type           Power      Damage    Failure   Level
 Shock                    Conj/Air       0%         1d3       54%         1
 Blink                    Tloc           0%         N/A       67%         2
 Cigotuvi's Dreadful Rot  Necr/Pois/Air  0%         N/A       67%         2
 Lesser Beckoning         Tloc           0%         N/A       67%         2
 Momentum Strike          Conj/Tloc      0%         3d8       67%         2
 Scorch                   Fire           0%         2d5       67%         2
 Frozen Ramparts          Ice            0%         1d1       88%         3
 Hailstorm                Conj/Ice       0%         3d3       88%         3
 Ignite Poison            Fire/Tmut/Pois 0%         N/A       88%         3
 Summon Guardian Golem    Hex/Summ       0%         N/A       88%         3
 Anguish                  Hex/Necr       0%         N/A       99%         4
 Animate Armour           Summ/Erth      0%         N/A       99%         4
 Ice Form                 Ice/Tmut       0%         N/A       99%         4
 Passage of Golubria      Tloc           0%         N/A       99%         4
 Petrify                  Tmut/Erth      0%         N/A       99%         4
 Blade Hands              Tmut           0%         N/A       100%        5
 Silence                  Hex/Air        0%         N/A       100%        5
 Summon Forest            Summ/Tloc      0%         N/A       100%        5
 Summon Mana Viper        Hex/Summ       0%         N/A       100%        5
 Simulacrum               Ice/Necr       0%         N/A       100%        6
 Summon Cactus Giant      Summ           0%         N/A       100%        6
 Chain Lightning          Conj/Air       0%         N/A       100%        9
 Dragon's Call            Summ           0%         N/A       100%        9


Dungeon Overview and Level Annotations

Branches:
Dungeon (1/1)

Altars:
Ashenzari
Cheibriados
Dithmenos
Elyvilon
Fedhas
Gozag
Hepliaklqana
Kikubaaqudgha
Makhleb
Nemelex Xobeh
Okawaru
Qazlal
Ru
Sif Muna
Trog
Uskayaw
Vehumet
Wu Jian
Xom
Yredelemnul
Zin
The Shining One
Jiyva
Lugonu

Annotations:
D 1 transporter


Innate Abilities, Weirdness & Mutations

You are amphibious.
You cover ground slowly.
You can hop long distances.
You have an extended range of vision and can be seen from far away.


Message History

You block the demonic crawler's attack.
GONNNNG!
The demonic crawler hits you!
* * * LOW HITPOINT WARNING * * *
The demonic crawler hits you.
* * * LOW HITPOINT WARNING * * *
Your Long Blades skill increases to level 17!
Found a transporter.
You feel extremely sick. You block the wolf spider's attack.
BONNNG!
You block the wolf spider's attack.
GONNNNG!
The wolf spider hits you but does no damage.
You block the wolf spider's attack.
GONNNNG!
The demonic crawler hits you but does no damage.
You block the demonic crawler's attack.
SHROANNG!
You block the demonic crawler's attack.
SHROANNG!
The wolf spider hits you but does no damage.
You block the wolf spider's attack.
BONNNG!
The demonic crawler hits you but does no damage. x3
The demonic crawler barely misses you. You block the demonic crawler's attack.
GONNNNG!
The demonic crawler barely misses you. The wolf spider hits you!
* * * LOW HITPOINT WARNING * * *
The wolf spider bites you.
* * * LOW HITPOINT WARNING * * *
The demonic crawler hits you but does no damage.
The demonic crawler hits you.
* * * LOW HITPOINT WARNING * * *
The demonic crawler hits you but does no damage. x2
The demonic crawler hits you.
* * * LOW HITPOINT WARNING * * *
The demonic crawler hits you but does no damage.
The wolf spider barely misses you. The wolf spider bites you!
You die...

▓....8©8....▓....©....▓
▓..))[|=}[..▓▓▓▓▓▓▓▓▓▓▓
▓...)}:::...▓...8©8...▓
▓...........▓..|})})..▓
▓...........▓...|.|...▓
▓.....†.....▓.....†...▓
...........▓.....)...▓
▓..†..▓ ▓...)))...▓
▓▓s@s▓▓ ▓...).....▓
▓..▓.s...▓..▓.▓.....▓.▓
▓.....©.....▓....©....▓
▓▓▓▓▓▓▓▓▓▓▓▓▓▓▓▓▓▓▓▓▓▓▓
▓...8©8...▓...8©8...▓..
▓..).}.)}.▓..:[.[|..▓..
▓...}[....▓..).)=}..▓..
▓.........▓..).)))).▓..
▓.........▓....)....▓..


You could see 2 demonic crawlers and a wolf spider (berserk).

Vanquished Creatures
  3 pandemonium lords (D)
  2 eldritch tentacles (D)
  A sphinx (D)
  A demonspawn warmonger (D)
  2 orc warlords (D)
  An ironbound preserver (D)
  A demonspawn black sun (D)
  A lorocyproca (D)
  A blizzard demon (D)
  A yaktaur captain (D)
  A rakshasa (D)
  An entropy weaver (D)
  A jorogumo (D)
  A hell hog (D)
  A sun demon (D)
  A wretched star (D)
  A sixfirhy (D)
  An orb spider (D)
  A deep elf archer (D)
  A deep elf zephyrmancer (D)
  An ironbound convoker (D)
  A steelbarb worm (D)
  A moth of wrath (D)
  A cyclops (D)
  A demonic crawler (D)
  4 naga magi (D)
  A vault sentinel (D)
  3 yaktaurs (D)
  A troll (D)
  A hellwing (D)
  A slime creature (D)
  2 jumping spiders (D)
  Sigmund (D)
  A ynoxinul (D)
  A spriggan (D)
  A redback (D)
  6 nagas (D)
  2 hell hounds (D)
  A water moccasin (D)
  Duvessa (D)
  4 orc warriors (D)
  2 black bears (D)
  A wolf (D)
  Blork the orc (D)
  Dowan (D)
  2 crimson imps (D)
  A quasit (D)
  An iron imp (D)
  An orc priest (D)
  Crazy Yiuf (D)
  Jessica (D)
  An orc wizard (D)
  2 adders (D)
  3 shadow imps (D)
  2 white imps (D)
  An ufetubus (D)
  An adder zombie (D)
  A ball python (D)
  A bat skeleton (D)
  A bat zombie (D)
  A giant cockroach zombie (D)
86 creatures vanquished.

Notes
Turn   | Place    | Note
-------+----------+-------------------------------------------
     0 | D        | Found the +6 Majin-Bo {spellvamp, MP+6 Int+6}
     0 | D        | Found the +27 heavy crossbow "Sniper" {heavy, Acc+∞ SInv}
     0 | D        | Found the +10 dark maul {heavy}
     0 | D        | Found the +15 Maxwell's patent armour {-Cast -Tele rElec
                  | Will+ rCorr}
     0 | D        | Found the +18 shield of the Gong {Loud rN+ Will+ rCorr
                  | EV-5}
     0 | D        | Found the +16 obsidian axe {drain, demonic, Mesm Drain Fly
                  | SInv}
     0 | D        | Found the +7 great mace "Firestarter" {flame, inner flame,
                  | rFlCloud rF++}
     0 | D        | Found the +6 shillelagh "Devastator" {shatter}
     0 | D        | Found the +11 plutonium sword {Contam Stlth-}
     0 | D        | Found the +8 lance "Wyrmbane" {slay drac, rPois rF+ rC+
                  | AC+3}
     0 | D        | Found the +9 sword of Zonguldrok {reap}
     0 | D        | Found the +13 scythe of Curses {drain, curses, Drain}
     0 | D        | Found the +9 sword of Power {lifebolt}
     0 | D        | Found the +7 mace of Variability {chaos, chain chaos}
     0 | D        | Found the +11 Singing Sword {sonic wave}
     0 | D        | Found the +8 storm bow {elec, penet}
     0 | D        | BigDaddyOpFi the Barachi Fighter began the quest for the
                  | Orb.
     0 | D        | Reached XP level 1. HP: 18/18 MP: 1/1
     4 | D        | Found a transporter.
     4 | D        | Found a viscous altar of Jiyva.
     4 | D        | Found an ancient bone altar of Kikubaaqudgha.
     4 | D        | Found a hazy altar of Hepliaklqana.
     4 | D        | Found a corrupted altar of Lugonu.
     4 | D        | Found an opulent altar of Gozag.
     4 | D        | Found a burning altar of Makhleb.
    37 | D        | Became a worshipper of Cheibriados the Contemplative
    64 | D        | Reached skill level 5 in Fighting
    64 | D        | Reached skill level 5 in Armour
    64 | D        | Reached skill level 2 in Invocations
    64 | D        | Reached XP level 2. HP: 27/27 MP: 2/4
   272 | D        | Entered arena 2.
   272 | D        | Noticed a deep elf archer
   272 | D        | Noticed a deep elf zephyrmancer
   272 | D        | Found a transporter.
   276 | D        | Killed a deep elf zephyrmancer
   277 | D        | Reached skill level 7 in Invocations
   277 | D        | Reached XP level 3. HP: 38/38 MP: 5/8
   277 | D        | Reached XP level 4. HP: 45/45 MP: 5/9
   277 | D        | Reached XP level 5. HP: 51/51 MP: 5/10
   277 | D        | Reached XP level 6. HP: 57/57 MP: 5/11
   283 | D        | Killed a deep elf archer
   284 | D        | Reached skill level 8 in Invocations
   284 | D        | Reached XP level 7. HP: 61/64 MP: 6/13
   284 | D        | Reached XP level 8. HP: 68/71 MP: 6/14
   353 | D        | Entered arena 3.
   353 | D        | Found a transporter.
   355 | D        | Reached * piety under Cheibriados
   356 | D        | Reached ** piety under Cheibriados
   373 | D        | Entered arena 4.
   373 | D        | Noticed a spriggan
   373 | D        | Found a transporter.
   377 | D        | Killed a spriggan
   378 | D        | Reached skill level 9 in Invocations
   379 | D        | Reached *** piety under Cheibriados
   380 | D        | Reached skill level 10 in Armour
   381 | D        | Reached **** piety under Cheibriados
   382 | D        | Reached skill level 10 in Fighting
   387 | D        | Entered arena 5.
   387 | D        | Found a transporter.
   394 | D        | Reached ***** piety under Cheibriados
   400 | D        | Reached skill level 10 in Invocations
   511 | D        | Entered arena 6.
   511 | D        | Noticed a wretched star
   511 | D        | Found a transporter.
   513 | D        | Reached ****** piety under Cheibriados
   517 | D        | Killed a wretched star
   518 | D        | Reached skill level 10 in Long Blades
   518 | D        | Reached skill level 10 in Shields
   518 | D        | Reached XP level 9. HP: 62/64 MP: 12/17
   650 | D        | Got the ring "Vugy" {Ice Fly rElec Str-3 SInv}
   652 | D        | Got the Guide on the Geometric Union
   657 | D        | Entered arena 7.
   657 | D        | Noticed Sigmund
   657 | D        | Noticed Jessica
   657 | D        | Noticed Blork the orc
   657 | D        | Noticed Crazy Yiuf
   657 | D        | Noticed Dowan
   657 | D        | Noticed Duvessa
   657 | D        | Found a transporter.
   659 | D        | Killed Crazy Yiuf
   659 | D        | Killed Jessica
   659 | D        | Killed Blork the orc
   659 | D        | Killed Dowan
   660 | D        | Reached skill level 11 in Invocations
   660 | D        | Killed Sigmund
   660 | D        | Killed Duvessa
   739 | D        | Got the ring "Jedejeas" {Fly rF+ Will+ MP+9 Int+3}
   751 | D        | Entered arena 8.
   751 | D        | Noticed a naga mage
   751 | D        | Noticed a naga mage
   751 | D        | Found a transporter.
   755 | D        | Killed a naga mage
   766 | D        | Killed a naga mage
   767 | D        | Reached skill level 12 in Invocations
   767 | D        | Reached XP level 10. HP: 33/89 MP: 14/19
   860 | D        | Entered arena 9.
   860 | D        | Noticed Gakhlyoh the pandemonium lord
   860 | D        | Found a transporter.
   881 | D        | Killed Gakhlyoh the pandemonium lord
   882 | D        | Reached skill level 13 in Invocations
  1035 | D        | Entered arena 10.
  1035 | D        | Noticed a naga mage
  1035 | D        | Noticed a naga mage
  1035 | D        | Found a transporter.
  1038 | D        | Reached XP level 11. HP: 98/98 MP: 15/21
  1045 | D        | Reached skill level 14 in Invocations
  1124 | D        | Entered arena 11.
  1124 | D        | Noticed an ironbound convoker
  1124 | D        | Noticed an ironbound preserver
  1124 | D        | Noticed a yaktaur captain
  1124 | D        | Noticed a sphinx
  1124 | D        | Found a transporter.
  1129 | D        | Killed an ironbound preserver
  1130 | D        | Killed an ironbound convoker
  1130 | D        | Killed a sphinx
  1131 | D        | Reached skill level 15 in Invocations
  1134 | D        | Killed a yaktaur captain
  1252 | D        | Got Sif Muna's Folio of the Shifting Inferno
  1254 | D        | Got Sif Muna's Atlas of Phlogiston and the Oath
  1260 | D        | Entered arena 12.
  1260 | D        | Noticed an orc warlord
  1260 | D        | Noticed an orc warlord
  1260 | D        | Noticed a cyclops
  1261 | D        | Found a transporter.
  1268 | D        | Killed a cyclops
  1269 | D        | Reached skill level 15 in Fighting
  1269 | D        | Reached skill level 15 in Armour
  1272 | D        | Killed an orc warlord
  1273 | D        | Reached XP level 12. HP: 96/110 MP: 14/23
  1275 | D        | Killed an orc warlord
  1276 | D        | Reached skill level 16 in Invocations
  1392 | D        | Got the +0 pair of gloves of the Valley of Death {Regen+
                  | rCorr Dex+3 Stlth+}
  1402 | D        | Entered arena 13.
  1402 | D        | Noticed a demonspawn black sun
  1402 | D        | Noticed a demonspawn warmonger
  1402 | D        | Noticed a hell hog
  1402 | D        | Noticed a blizzard demon
  1402 | D        | Noticed Ubliga the pandemonium lord
  1402 | D        | Noticed Sijuumuergh the pandemonium lord
  1402 | D        | Noticed a rakshasa
  1402 | D        | Noticed a sun demon
  1404 | D        | Reached skill level 15 in Long Blades
  1404 | D        | Found a transporter.
  1405 | D        | Killed a hell hog
  1405 | D        | Killed a sun demon
  1407 | D        | Killed a rakshasa
  1407 | D        | Killed a demonspawn black sun
  1409 | D        | Killed a blizzard demon
  1410 | D        | Killed a lorocyproca
  1414 | D        | Killed a demonspawn warmonger
  1415 | D        | Reached skill level 17 in Invocations
  1415 | D        | Killed Ubliga the pandemonium lord
  1416 | D        | Reached skill level 15 in Shields
  1421 | D        | Killed Sijuumuergh the pandemonium lord
  1422 | D        | Gained mutation: You can hop long distances. [Barachi
                  | growth]
  1422 | D        | Reached XP level 13. HP: 110/119 MP: 3/25
  1583 | D        | Got the +1 pair of boots of Greed {Int+3 Dex+4}
  1590 | D        | Got the Directory of the Lungs
  1595 | D        | Got the ring "Noeguj" {rElec Will+ EV+5 Dex+4}
  1598 | D        | Got the Commentary on Different Freezing
  1709 | D        | Entered arena 14.
  1709 | D        | Found the +8 Vampire's Tooth {megavamp}
  1709 | D        | Noticed an entropy weaver
  1716 | D        | Killed an entropy weaver
  1717 | D        | Reached skill level 18 in Invocations
  1718 | D        | Found a transporter.
  1718 | D        | Slain by a wolf spider

Illustrated notes

Levels and vault maps discovered:
D:        sprint_v [room_start, room_1, room_2, room_3, room_4, room_5, room_6,
          room_7, room_8, room_9, room_10, room_11, room_12, room_13, room_14,
          room_15, room_16, room_17, room_18, room_19, room_20, room_21,
          room_22, room_23, room_24, room_25, room_26, room_27]

Skill      XL: |  1  2  3  4  5  6  7  8  9 10 11 12 13 |
---------------+----------------------------------------+-----
Fighting       | 5 8 9 11 12 13 15 16 17 | 17.4
Long Blades    | 4 7 8 10 11 12 14 16 17 | 17.1
Armour         | 5 8 9 11 12 13 15 16 17 | 17.4
Shields        | 4 7 8 10 12 13 15 | 15.9
Invocations    | 2 7 8 10 12 13 15 17 18 | 18.3

Action                     |  1- 3 |  4- 6 |  7- 9 | 10-12 | 13-15 || total
---------------------------+-------+-------+-------+-------+-------++-------
  Melee: Double sword      |     3 |     2 |    39 |    41 |     6 ||    91
 Invoke: Slouch            |       |       |     2 |    11 |       ||    13
         Step From Time    |       |       |       |       |     1 ||     1
    Use: Potion            |     2 |       |       |     4 |       ||     6
 Armour: Plate armour      |     1 |       |    49 |    37 |    30 ||   117
  Dodge: Dodged            |       |     1 |     6 |    11 |     6 ||    24
  Block: Kite shield       |     4 |     3 |    89 |   100 |    47 ||   243

Table legend: (Time is in decaauts)
 A = Elapsed time spent in this place.
 B = Non-inter-level travel time spent in this place.
 C = Inter-level travel time spent in this place.
 D = Time resting spent in this place.
 E = Time spent auto-exploring this place.
 F = Levels seen in this place.
 G = Mean time per level.
                   A        B        C        D        E       F      G
               +--------+--------+--------+--------+--------+-----+--------+
         Total |   1942 |   1942 |      0 |   1330 |      0 |   1 | 1942.0 |
       Dungeon |   1942 |   1942 |      0 |   1330 |      0 |   1 | 1942.0 |
               +--------+--------+--------+--------+--------+-----+--------+

Top non-repeatable levels by time:
       D: 1942 daAuts
